AoeStats
← Shawn96

MegaRandom

508567569Analyzed
4v4 RM · 9d ago on Sep 23, 2026· 44m 22s· 8 players
Game mode
Random Map
Map size
Large (8 player)
Population
200
Speed
Normal
Resources
Standard
Victory
Conquest
Starting age
Dark Age
Ending age
Imperial Age
RankedLock teamsTeams togetherTeam positionsShared explorationLock speedFull tech treeHidden civsTurbo modeCheats
Victory
Defeat
🇲🇽 Gurjaras · Mexico
1520
+11
🇨🇴 Tupi · Colombia
1393
+16
🇺🇸 Hindustanis · United States
1357
+17
🇭🇳 Mongols · Honduras
1304
+19
🇺🇸 Saxons · United States
1446
-18
🇨🇦 Jurchens · Canada
1443
-18
🇺🇸 Cumans · United States
1372
-15
🇨🇦 Huns · Canada
1293
-12
Ice2207
8:06 Loom
12:09 Feudal Age
12:37 Double-Bit Axe
15:34 Man-at-Arms
18:53 Castle Age
17:32 Padded Archer Armor
19:49 Fletching
20:20 Elite Skirmisher
21:21 Bodkin Arrow
24:57 Horse Collar
26:24 Crossbowman
29:42 Wheelbarrow
31:54 Ballistics
36:40 Leather Archer Armor
40:13 Imperial Age
39:19 Thumb Ring
40:18 Murder Holes
41:19 Bracer
42:39 Chemistry
Shawn96
9:05 Loom
11:01 Feudal Age
11:51 Double-Bit Axe
14:23 Fishing Lines
17:14 Forging
17:18 Horse Collar
19:45 Castle Age
18:48 Gold Mining
19:29 Scale Barding Armor
20:37 Bow Saw
20:45 Bloodlines
20:43 Heavy Plow
23:10 Gold Shaft Mining
24:21 Chain Barding Armor
26:26 Iron Casting
26:53 Wheelbarrow
27:14 Husbandry
28:00 Devotion
29:52 Hand Cart
31:35 Scale Mail Armor
34:18 Imperial Age
33:15 Chain Mail Armor
33:01 Padded Archer Armor
32:52 Fletching
32:25 Elite Skirmisher
33:11 Thumb Ring
33:36 Pikeman
34:16 Squires
34:02 Arson
35:11 Leather Archer Armor
35:23 Bodkin Arrow
36:30 Blast Furnace
35:33 Halberdier
38:12 Chemistry
37:03 Town Watch
37:21 Bracer
38:29 Conscription
40:21 Plate Barding Armor
41:30 Ballistics
GOAT Gobz
3:14 Loom
10:55 Feudal Age
11:40 Double-Bit Axe
12:04 Gold Mining
12:53 Fishing Lines
17:13 Scale Barding Armor
17:18 Forging
19:46 Castle Age
18:14 Horse Collar
19:22 Fletching
20:19 Bloodlines
20:25 Light Cavalry
21:20 Town Watch
23:02 Medium Warships
25:29 Wheelbarrow
27:56 Gold Shaft Mining
28:28 Careening
28:29 Clinker Construction
29:31 Chain Barding Armor
29:49 Gillnets
31:43 Hand Cart
36:54 Imperial Age
35:52 Husbandry
37:28 Treadmill Crane
38:49 Chemistry
37:56 Scale Mail Armor
38:31 Iron Casting
38:05 Gambesons
38:21 Squires
38:06 Arson
38:19 Bodkin Arrow
39:01 Plate Barding Armor
38:50 Bow Saw
39:15 Chain Mail Armor
38:26 Elite Fire Lancer
39:51 Conscription
39:43 Thunderclap Bombs
41:15 Blast Furnace
whitewidow52
4:44 Loom
9:14 Loom
12:26 Feudal Age
17:07 Double-Bit Axe
20:17 Castle Age
20:33 Horse Collar
23:06 Fletching
23:59 Bodkin Arrow
24:51 Wheelbarrow
27:09 Padded Archer Armor
29:24 Capped Ram
39:14 Hand Cart
38:48 Town Watch
treehugger
8:30 Loom
11:24 Feudal Age
12:57 Double-Bit Axe
15:35 Castle Age
13:48 Horse Collar
15:54 Gold Mining
16:43 Bow Saw
18:08 Heavy Plow
20:07 Wheelbarrow
23:35 Hand Cart
25:01 Stone Mining
27:14 Gold Shaft Mining
28:24 Town Watch
31:12 Imperial Age
29:22 Stone Shaft Mining
28:59 Husbandry
29:10 Bloodlines
29:08 Scale Barding Armor
29:13 Forging
31:32 Chain Barding Armor
31:47 Iron Casting
32:55 Plate Barding Armor
31:42 Heavy Camel Rider
32:53 Conscription
33:35 Imperial Camel Rider
35:29 Blast Furnace
37:00 Two-Man Saw
37:04 Chemistry
36:30 Siege Elephant
37:14 Grand Trunk Road
44:18 Fervor
44:23 Block Printing
44:13 Scale Mail Armor
44:14 Padded Archer Armor
44:05 Fletching
Wazded
11:45 Feudal Age
15:25 Castle Age
13:18 Double-Bit Axe
16:53 Wheelbarrow
16:31 Bow Saw
16:10 Horse Collar
17:58 Heavy Plow
19:52 Loom
21:37 Wheelbarrow
22:27 Town Watch
23:25 Hand Cart
28:47 Imperial Age
26:34 Thumb Ring
27:06 Fletching
27:17 Padded Archer Armor
28:08 Bodkin Arrow
28:40 Ballistics
28:34 Bloodlines
29:31 Bracer
30:33 Chemistry
29:47 Stone Mining
29:48 Gold Mining
31:18 Leather Archer Armor
30:47 Elite Elephant Archer
33:13 Husbandry
34:03 Crop Rotation
34:13 Frontier Guards
35:00 Masonry
35:20 Caravan
36:18 Conscription
36:35 Hoardings
39:10 Stone Shaft Mining
44:13 Architecture
43:24 Treadmill Crane
43:55 Fortified Wall
Francisco Morazán
10:16 Feudal Age
11:25 Loom
11:34 Double-Bit Axe
12:23 Fishing Lines
13:24 Fletching
17:06 Castle Age
16:01 Gold Mining
15:53 Horse Collar
17:29 Padded Archer Armor
18:05 Bodkin Arrow
18:46 Medium Warships
19:22 Leather Archer Armor
19:38 Gillnets
22:23 Ballistics
22:23 Careening
23:57 Clinker Construction
25:29 Bow Saw
27:18 Heavy Plow
28:06 Wheelbarrow
29:58 Bloodlines
30:17 Scale Barding Armor
30:23 Forging
33:41 Chain Barding Armor
35:31 Husbandry
39:57 Imperial Age
37:44 Hand Cart
38:10 Iron Casting
38:21 Stone Mining
40:37 Gold Shaft Mining
43:03 Caravan
43:22 Bracer
44:23 Blast Furnace
43:51 Conscription
45:08 Chemistry
Viva Cristo
6:12 Loom
9:35 Feudal Age
10:21 Double-Bit Axe
16:28 Fletching
17:45 Padded Archer Armor
23:11 Castle Age
24:10 Bow Saw
25:13 Demolition Ship
28:04 Wheelbarrow
27:44 Horse Collar
29:30 Bodkin Arrow
36:56 Ballistics
37:41 Gold Mining
39:42 Leather Archer Armor
40:07 Heavy Plow
42:10 Hand Cart
42:05 Town Watch
47:28 Imperial Age
Connection lost

Rejoining the realm…

Still unreachable

The connection could not be restored.

Session expired

The server has moved on; the page needs a fresh start.